 Dungeon Crawl Stone Soup version 0.18-a0-912-g81d1dc4 (webtiles) character file.

16586 filipzpl the Fighter (level 12, -4/86 HPs)
             Began as a Gargoyle Berserker on Dec 25, 2015.
             Was a High Priest of Trog.
             Killed from afar by a fire dragon (63 damage)
             ... with a blast of flame
             ... on level 2 of the Lair of Beasts.
             The game lasted 00:42:31 (11488 turns).

filipzpl the Fighter (Gargoyle Berserker)          Turns: 11488, Time: 00:42:31

Health: -4/86      AC: 31    Str: 24    XL:     12   Next: 39%
Magic:  12/12      EV:  7    Int: 10    God:    Trog [*****.]
Gold:   966        SH:  0    Dex:  9    Spells: 0 memorised, 11 levels left

rFire  x . .     SeeInvis .     s - +1 eveningstar (protect)
rCold  + . .     Gourm    .     q - +1 plate armour
rNeg   + . .     Faith    .     (no shield)
rPois  ∞         Spirit   .     (no helmet)
rElec  +         Dismiss  .     p - +0 cloak
rCorr  .         Reflect  .     P - +2 pair of gloves
SustAt .         Harm     .     L - +0 pair of boots
MR     .....                    (no amulet)
Stlth  ..........               (no ring)
                                r - ring of ice

@: not resistant to hostile enchantments, extremely unstealthy
A: negative energy resistance 1, electricity resistance, unbreathing,
petrification resistance, rot immunity, AC +8
a: Berserk, Trog's Hand, Brothers in Arms, Burn Spellbooks, Renounce Religion


You were on level 2 of the Lair of Beasts.
You worshipped Trog.
Trog was extremely pleased with you.
You were hungry.

You visited 2 branches of the dungeon, and saw 12 of its levels.

You collected 966 gold pieces.

Inventory:

Hand Weapons
 s - a +1 eveningstar of protection (weapon)
 K - a +4 great mace of venom
Armour
 p - a +0 cloak (worn)
 q - a +1 plate armour (worn)
 L - a +0 pair of boots (worn)
 P - a +2 pair of gloves (worn)
Jewellery
 g - a cursed ring of loudness {unknown}
 m - an uncursed ring of fire {unknown}
 r - a ring of ice (left hand)
 x - a cursed ring of teleportation {unknown}
 z - an uncursed ring of magical power {unknown}
 D - a +3 ring of intelligence {unknown}
 G - an uncursed ring of stealth {unknown}
 J - an uncursed ring of protection from cold {unknown}
Wands
 h - a wand of draining (4/15)
 l - a wand of frost (47/48)
 u - a wand of slowing (20/48)
 H - a wand of confusion (15/48)
 I - a wand of frost (28/48)
 N - a wand of enslavement (7/24)
Scrolls
 d - a scroll of enchant armour
 e - 2 scrolls of blinking
 j - 5 scrolls of teleportation
 n - 5 scrolls of remove curse
 y - a scroll of fog
 M - 2 scrolls of brand weapon
Potions
 a - a potion of cure mutation
 b - a potion of lignification {unknown}
 o - 2 potions of curing {unknown}
 t - a potion of resistance {unknown}
 v - a potion of invisibility {unknown}
 w - a potion of cancellation {unknown}
 A - a potion of experience {unknown}
 C - 3 potions of flight {unknown}
 E - a potion of heal wounds {unknown}
 F - a potion of haste {unknown}
Comestibles
 c - 3 bread rations
 f - 3 meat rations
 i - 6 royal jellies
 k - a fruit
 B - 3 beef jerkies


   Skills:
 * Level 14.9 Fighting
 * Level 14.0 Maces & Flails
 - Level 2.1 Armour
 - Level 1.5 Dodging


You had 11 spell levels left.
You didn't know any spells.

Dungeon Overview and Level Annotations

Branches:
Dungeon (10/15)            Temple (0/1) D:6            Lair (2/8) D:8
    Orc: D:9-12

Altars:
Cheibriados
Elyvilon
Fedhas
Gozag
Nemelex Xobeh
Okawaru
Pakellas
Qazlal
Ru
Trog
Vehumet
Zin

Annotations:
Lair:2 exclusion: oklob plant


Innate Abilities, Weirdness & Mutations

You are resistant to torment.
Your stone body is resilient (AC +8).
You are immune to poison.
You resist negative energy.
You are resistant to electric shocks.
You can survive without breathing.
You are immune to petrification.
You are immune to rotting.


Message History

You kill the komodo dragon!
Trog accepts your kill.
Your Maces & Flails skill increases to level 14!
No target in view!
No target in view!
You are feeling hungry.
A fire dragon comes into view.
Found 36 gold pieces.
You enter the shallow water.
Moving in this stuff is going to be slow.
The fire dragon breathes flames at you. The blast of flame hits you!
The fire burns you terribly!
Found 25 gold pieces.
Found a yellow potion.
A black mamba comes into view.
The black mamba hisses angrily.
The fire dragon breathes flames at you. The blast of flame hits you!
The fire burns you terribly!
Ouch! That really hurt!
You die...

......#
#..#
..<...#
##.#
......#
#.#
......#
#.##
......#
#..#
......#
##..##
......#
##....##
......#
#......#
......#
#....@.##
......#
##.......#
......#
#........#
......#
#......§≈#
......#
#.....≈D≈#
......#
#≈..≈≈≈S≈#
....^.#
#≈≈≈≈≈≈.≈#
......#
#≈≈≈≈≈...#
P####P#
#≈≈≈≈≈...#


You could see a fire dragon and a black mamba.

Vanquished Creatures
  2 hydras (Lair:2)
  A death yak (D:8)
  Sonja (Lair:1)
  2 hill giants (D:10)
  A black mamba (Lair:2)
  The ghost of zkyp the Ducker, a novice KoAM of Cheibriados (D:6)
  A gargoyle (D:10)
  2 spiny frogs (Lair:2)
  2 komodo dragons
  3 trolls (D:10)
  Prince Ribbit (Lair:1)
  4 blink frogs (Lair:1)
  A slime creature (D:10)
  The ghost of George the Cudgeler, an amateur GrFi (D:4)
  6 yaks
  A hungry ghost (D:10)
  A basilisk (Lair:2)
  2 humans (D:8)
  4 wolves (Lair:1)
  3 hippogriffs
  Duvessa (D:7)
  A porcupine (Lair:2)
  3 water moccasins
  5 ice beasts
  2 black bears
  2 orc warriors (D:8)
  3 necrophages
  4 phantoms
  2 sky beasts
  2 wasps (D:8)
  3 crocodiles
  7 centaurs
  6 ogres
  A gnoll sergeant (D:10)
  Blork the orc (D:6)
  6 giant frogs
  A wyvern zombie (D:7)
  Dowan (D:7)
  7 killer bees
  3 scorpions
  7 wights
  A crimson imp (D:10)
  A quasit (D:8)
  A giant frog zombie (D:6)
  3 giant frog skeletons
  3 orc priests
  4 jellies
  4 centaur skeletons
  4 hounds
  6 orc wizards
  Terence (D:2)
  11 worker ants
  4 iguanas
  A killer bee zombie (D:8)
  2 sheep (D:8)
  4 hound zombies
  2 hound skeletons
  A killer bee simulacrum (D:10)
  14 gnolls
  26 river rats
  5 adders
  3 shadow imps
  2 oozes
  2 adder skeletons (D:5)
  An adder zombie (D:5)
  4 worms
  8 giant geckos
  12 orcs
  A ball python (D:5)
  12 bats
  7 giant cockroaches
  12 hobgoblins
  9 jackals
  3 quokkas
  A giant cockroach zombie (D:5)
  A giant gecko skeleton (D:4)
  5 giant newts
  15 goblins
  6 kobolds
  A quokka zombie (D:4)
  5 rats
  A plant (Lair:1)
317 creatures vanquished.

Notes
Turn   | Place    | Note
--------------------------------------------------------------
     0 | D:1      | filipzpl the Gargoyle Berserker began the quest for the Orb.
     0 | D:1      | Reached XP level 1. HP: 14/14 MP: 1/1
   137 | D:1      | Reached XP level 2. HP: 19/19 MP: 2/2
   466 | D:1      | Reached skill level 4 in Fighting
   466 | D:1      | Reached XP level 3. HP: 13/24 MP: 3/3
   956 | D:2      | Reached XP level 4. HP: 25/30 MP: 4/4
   962 | D:2      | Reached ** piety under Trog
  1442 | D:2      | Reached XP level 5. HP: 14/34 MP: 5/5
  1629 | D:2      | Reached skill level 5 in Fighting
  1958 | D:2      | Noticed Terence
  1965 | D:2      | Killed Terence
  2159 | D:3      | Found an oddly glowing altar of Pakellas.
  2359 | D:3      | Reached skill level 5 in Maces & Flails
  2367 | D:3      | Reached XP level 6. HP: 39/40 MP: 6/6
  2372 | D:3      | Reached *** piety under Trog
  2460 | D:3      | Found a snail-covered altar of Cheibriados.
  2932 | D:4      | Found a white marble altar of Elyvilon.
  2998 | D:4      | Found a stormy altar of Qazlal.
  3007 | D:4      | Reached skill level 6 in Fighting
  3130 | D:4      | Reached XP level 7. HP: 45/47 MP: 7/7
  3487 | D:4      | Noticed George's ghost (amateur GrFi)
  3513 | D:4      | Killed George's ghost
  3513 | D:4      | Reached skill level 7 in Fighting
  3656 | D:5      | Entered Level 5 of the Dungeon
  3830 | D:5      | Reached XP level 8. HP: 53/53 MP: 8/8
  3835 | D:5      | Reached **** piety under Trog
  4061 | D:5      | Reached skill level 8 in Fighting
  4133 | D:5      | Found a radiant altar of Vehumet.
  4593 | D:6      | Reached skill level 9 in Fighting
  4600 | D:6      | Noticed zkyp's ghost (novice KoAM)
  4792 | D:6      | Killed zkyp's ghost
  4792 | D:6      | Reached XP level 9. HP: 54/61 MP: 9/9
  4795 | D:6      | Found a staircase to the Ecumenical Temple.
  4987 | D:6      | Reached skill level 10 in Fighting
  5183 | D:6      | Noticed Blork the orc
  5188 | D:6      | Killed Blork the orc
  5394 | D:6      | Found a sacrificial altar of Ru.
  5676 | D:7      | Found an opulent altar of Gozag.
  5676 | D:7      | Found a glowing silver altar of Zin.
  5900 | D:7      | Reached skill level 10 in Maces & Flails
  5935 | D:7      | Noticed Duvessa
  5935 | D:7      | Noticed Dowan
  5942 | D:7      | Killed Duvessa
  5950 | D:7      | Killed Dowan
  6097 | D:7      | Found a sparkling altar of Nemelex Xobeh.
  6177 | D:7      | Identified a scroll of acquirement
  6276 | D:8      | Reached skill level 11 in Fighting
  6276 | D:8      | Reached XP level 10. HP: 67/69 MP: 10/10
  6285 | D:8      | Found an iron altar of Okawaru.
  6606 | D:8      | Noticed a death yak
  6622 | D:8      | Killed a death yak
  6622 | D:8      | Reached ***** piety under Trog
  6644 | D:8      | Found a staircase to the Lair.
  6794 | D:8      | Reached skill level 12 in Fighting
  7633 | D:9      | Found a blossoming altar of Fedhas.
  7660 | D:9      | Found an oddly glowing altar of Pakellas.
  7923 | D:9      | Found a bloodstained altar of Trog.
  7943 | D:9      | Received a gift from Trog
  8067 | D:10     | Entered Level 10 of the Dungeon
  8136 | D:10     | Reached XP level 11. HP: 76/76 MP: 11/11
  8138 | D:10     | Noticed a hill giant
  8149 | D:10     | Killed a hill giant
  8396 | D:10     | Reached skill level 13 in Fighting
  8646 | D:10     | Noticed a hill giant
  8661 | D:10     | Killed a hill giant
  9325 | Lair:1   | Entered Level 1 of the Lair of Beasts
  9531 | Lair:1   | Noticed Sonja
  9557 | Lair:1   | Killed Sonja
  9696 | Lair:1   | Reached skill level 14 in Fighting
  9732 | Lair:1   | Noticed Prince Ribbit
  9772 | Lair:1   | Killed Prince Ribbit
  9980 | Lair:1   | Reached XP level 12. HP: 73/85 MP: 12/12
 10583 | Lair:2   | Noticed a four-headed hydra
 10648 | Lair:2   | Killed a four-headed hydra
 11078 | Lair:2   | Found an oddly glowing altar of Pakellas.
 11250 | Lair:2   | Noticed a four-headed hydra
 11261 | Lair:2   | Killed a four-headed hydra
 11483 | Lair:2   | Noticed a fire dragon
 11488 | Lair:2   | Killed from afar by a fire dragon

Vault maps used:
D:1:      ncdulo_wetmaze, columned_hall_lemuel, grunt_decor_cap,
          kennysheep_pointless_box
D:2:      hangedman_abyss_or_decor_stabs, uniq_terence
D:3:      lemuel_coloured_pillars_altar, first_bread, grunt_pakellas_sulfur
D:4:      lemuel_doored_altar, kennysheep_mini
D:5:      forest_paths, vehumet_crystals
D:6:      kennysheep_mini_moat, minmay_temple_entry_large_hall,
          uniq_blork_the_orc
D:7:      grunt_temple_overflow_gold_and_silver, nemelex_deck, serial_glass,
          glass_columns_a, glass_columns_c, glass_columns_c, item_on_display_a,
          item_on_display_a, uniq_duvessa
D:8:      okawaru_humans, dpeg_lair_monsters, hangedman_pestilent_swarm
D:9:      fedhas_altar_2, overflow_temple_1_default, kennysheep_small_spiral,
          stair_cage_line, trog_hazing_becter
D:10:     minmay_opposing_rooms
Lair:1:   st_stairs_11, grunt_forest_stairs_basic, uniq_sonja,
          uniq_prince_ribbit2
Lair:2:   dragon1_lemuel, lemuel_oklob_altar

Action                   |  1- 3 |  4- 6 |  7- 9 | 10-12 || total
-------------------------+-------+-------+-------+-------++-------
Melee: Mace              |    64 |    67 |       |       ||   131
       Flail             |       |    95 |   352 |       ||   447
       Eveningstar       |       |       |    11 |   649 ||   660
Invok: Berserk           |     1 |     1 |     5 |    12 ||    19
       Burn Spellbooks   |       |       |     2 |     1 ||     3
  Use: Scroll            |       |    12 |    10 |     6 ||    28
 Stab: Sleeping          |     1 |       |       |       ||     1
  Eat: Meat ration       |       |     1 |       |     1 ||     2
       Fruit             |       |     1 |     3 |     7 ||    11
       Royal jelly       |       |     1 |       |     3 ||     4
       Bread ration      |       |       |     3 |     2 ||     5
       Pizza             |       |       |     2 |       ||     2
       Beef jerky        |       |       |       |     3 ||     3
